 Dungeon Crawl Stone Soup version 0.28.0 (webtiles) character file.

Game seed: 12400885166026549104

234 oldriver the Vandal (level 6, 0/51 HPs)
             Began as a Formicid Hunter on Feb 17, 2022.
             Slain by a white imp (1 damage)
             ... summoned by Eustachio
             ... on level 4 of the Dungeon.
             The game lasted 00:06:44 (3036 turns).

oldriver the Vandal (Formicid Hunter)               Turns: 3036, Time: 00:06:45

Health: 0/51       AC:  3    Str: 19    XL:     6   Next: 26%
Magic:  6/6        EV: 11    Int: 10    God:
Gold:   94         SH:  0    Dex: 11    Spells: 5/5 levels left

rFire   + . .      SeeInvis +   a - +1 hunting sling
rCold   . . .      Faith    .   (no shield)
rNeg    . . .      Spirit   .   c - +0 leather armour
rPois   .          Reflect  .   (helmet unavailable)
rElec   .          Harm     .   (no cloak)
rCorr   .          Rampage  .   (no gloves)
Will    .....                   (no boots)
Stlth   +.........              j - amulet of regeneration
HPRegen 0.00/turn               (no ring)
MPRegen 0.10/turn               (no ring)

@: inhibited regen, studying Short Blades
A: permanent stasis, dig shafts and tunnels, antennae 3, four strong arms, claws
1, fire resistance 1, inhibited regeneration
a: Dig, Shaft Self


You were on level 4 of the Dungeon.
You visited 1 branch of the dungeon, and saw 4 of its levels.

You collected 94 gold pieces.

Inventory:

Hand Weapons
 a - a +1 hunting sling (weapon)
 b - a +0 short sword
Missiles
 d - 8 sling bullets
 i - 58 stones (quivered ammo)
Armour
 c - a +0 leather armour (worn)
Jewellery
 j - an amulet of regeneration (around neck)
 l - an amulet of reflection
Wands
 q - a wand of paralysis (11)
Scrolls
 g - a scroll of acquirement {unknown}
 h - a scroll of fear {unknown}
 k - a scroll of holy word {unknown}
 m - a scroll of fog {unknown}
 n - a scroll of blinking {unknown}
 o - a scroll of enchant weapon {unknown}
 p - a scroll of enchant armour {unknown}
Potions
 f - 2 potions of curing


   Skills:
 + Level 5.0 Fighting
 + Level 6.3 Slings
 - Level 1.7 Dodging
 - Level 1.2 Stealth


You had 5 spell levels left.
You didn't know any spells.
Your spell library contained the following spells:

 Spells                   Type           Power      Damage    Failure   Level
 Corpse Rot               Necr/Air       0%         N/A       56%         2
 Ozocubu's Armour         Ice            0%         N/A       80%         3
 Dispel Undead            Necr           0%         3d6       99%         4
 Death Channel            Necr           0%         N/A       100%        6
 Ozocubu's Refrigeration  Ice            0%         4d5       100%        7


Dungeon Overview and Level Annotations

Branches:
Dungeon (4/15)
 Temple: D:4-7

Altars:

Annotations:
D:3 1 runed translucent door, Crazy Yiuf
D:4 Eustachio


Innate Abilities, Weirdness & Mutations

You cannot be hasted, slowed, berserked, paralysed or teleported.
You can dig through walls and to a lower floor.
You have a pair of large antennae on your head. (SInv)
Your four strong arms can wield two-handed weapons with a shield.
You have sharp fingernails.
Your flesh is heat resistant. (rF+)
You do not regenerate when monsters are visible.


Message History

The bat barely misses you.
Fire: 10 sling bullets
Press: ? - help, Shift-Dir - straight line, f - Eustachio
Aim: Eustachio, wielding a +0 falchion and wearing a +0 leather armour (almost dead, 53% to hit)
You shoot a sling bullet.
The sling bullet closely misses the bat.
The sling bullet barely misses Eustachio.
The quasit bites you.
The quasit claws you but does no damage.
The quasit claws you. The bat barely misses you. The white imp gestures at you.
The puff of frost misses you. The white imp gestures at you.
The puff of frost hits you!
Eustachio gestures wildly while chanting.
The quasit closely misses you. The quasit barely misses you.
The quasit claws you but does no damage.
Fire: 9 sling bullets
Press: ? - help, Shift-Dir - straight line, f/p - Eustachio
Aim: Eustachio, wielding a +0 falchion and wearing a +0 leather armour (almost dead, 53% to hit)
You shoot a sling bullet. The sling bullet misses the bat.
The sling bullet closely misses Eustachio.
The bat closely misses you. The bat barely misses you. The white imp hits you.
The white imp freezes you.
* * * LOW HITPOINT WARNING * * *
The white imp gestures at you. The puff of frost hits you!
* * * LOW HITPOINT WARNING * * *
The quasit bites you but does no damage.
The quasit closely misses you.
The quasit claws you but does no damage.
Eustachio mumbles some strange words.
Eustachio blinks!
It was a potion of mutation.
You feel extremely strange.
Your fingernails lengthen.
Your regeneration stops near monsters.
You feel resistant to heat.
The quasit disappears in a puff of smoke!
The bat hits you but does no damage. The bat closely misses you.
The white imp hits you.
You die...

#......##.....##+#
##.....#(.......((
#.....##(........
##.....##.....#
#......##((...#
##......(....r#
##+##
#........r§..##....#
########..).b5.....+
....##....§@.....# {
...........5b.....#
.....##.(...##....#
.....##.....##....#
..................#
.....##..)..........
.... ##+##.####..##
....##..##)### ### .
...........#


You could see a river rat (summoned), 2 white imps, a quokka (summoned) and 2
bats.

Vanquished Creatures
  Jessica (D:2)
  An iguana (D:3)
  An orc wizard (D:3)
  A killer bee zombie (D:4)
  Robin (D:1)
  3 adders (D:3)
  A dart slug (D:3)
  10 orcs
  4 endoplasms
  2 giant cockroaches (D:1)
  15 goblins
  9 hobgoblins
  4 jackals (D:1)
  2 quokkas (D:1)
  8 ball pythons
  6 bats
  5 frilled lizards
  6 kobolds
  5 rats (D:1)
85 creatures vanquished.

Vanquished Creatures (others)
  A goblin (D:2)
  2 plants (D:3)
3 creatures vanquished.

Grand Total: 88 creatures vanquished

Notes
Turn   | Place    | Note
-------+----------+-------------------------------------------
     0 | D:1      | oldriver the Formicid Hunter began the quest for the Orb.
     0 | D:1      | Reached XP level 1. HP: 16/16 MP: 1/1
    93 | D:1      | Reached XP level 2. HP: 23/23 MP: 2/2
   258 | D:1      | Found a faded altar of an unknown god.
   288 | D:1      | Reached XP level 3. HP: 29/29 MP: 3/3
   643 | D:1      | Reached skill level 5 in Slings
   755 | D:2      | Noticed Robin
  1035 | D:2      | Reached XP level 4. HP: 35/35 MP: 4/4
  1091 | D:2      | Noticed Jessica
  1102 | D:2      | Killed Jessica
  1498 | D:1      | Killed Robin
  1499 | D:1      | Reached XP level 5. HP: 27/42 MP: 5/5
  2332 | D:3      | Found a runed translucent door.
  2333 | D:3      | Noticed Crazy Yiuf
  2782 | D:3      | Reached skill level 6 in Slings
  2796 | D:3      | Reached XP level 6. HP: 25/50 MP: 6/6
  2943 | D:4      | Reached skill level 5 in Fighting
  3004 | D:4      | Noticed Eustachio
  3035 | D:4      | HP: 1/51 [white imp/puff of frost[Eustachio] (13)]
  3036 | D:4      | Gained mutation: You have sharp fingernails. [potion of
                  | mutation]
  3036 | D:4      | Gained mutation: You do not regenerate when monsters are
                  | visible. [potion of mutation]
  3036 | D:4      | Gained mutation: Your flesh is heat resistant. (rF+)
                  | [potion of mutation]
  3036 | D:4      | Slain by a white imp

Illustrated notes

Levels and vault maps discovered:
D:1:      scummos_arrival_simple_fountains, layout_rooms,
          shapermc_ecumenical_altar_gd
D:2:      layout_loops_cross, uniq_robin, uniq_jessica
D:3:      corexii_shack_village, layout_basic, uniq_crazy_yiuf_cottage
D:4:      layout_gridville, serial_shops, nicolae_shop_crystal, uniq_duvessa,
          uniq_eustachio

Skill      XL: |  1  2  3  4  5  6 |
---------------+-------------------+-----
Fighting       | 3 4 5 |  5.0
Slings         | 5 6 |  6.3
Dodging        | |  1.7
Stealth        | |  1.2

Action                   |  1- 3 |  4- 6 || total
-------------------------+-------+-------++-------
Melee: Short sword       |    58 |    71 ||   129
       Punch             |       |     2 ||     2
 Fire: Hunting sling     |    61 |   151 ||   212
  Use: Potion            |       |     1 ||     1
Armor: Leather armour    |    27 |    54 ||    81
Dodge: Dodged            |    64 |   125 ||   189
